 Dungeon Crawl Stone Soup version 0.27-a0-1442-g87b6fcb595 (webtiles) character file.

Game seed: 7587521873934007523

32002 Brandom the Fighter (level 13, -6/116 HPs)
             Began as a Green Draconian Abyssal Knight on July 4, 2021.
             Was an Elder of Lugonu.
             Mangled by a seven-headed hydra (12 damage)
             ... on level 4 of the Lair of Beasts.
             The game lasted 01:16:16 (24436 turns).

Brandom the Fighter (DrAK)                         Turns: 24436, Time: 01:16:17

Health: -6/116     AC: 13    Str: 15    XL:     13   Next: 29%
Magic:  5/21       EV: 15    Int: 17    God:    Lugonu [****..]
Gold:   1727       SH:  4    Dex: 11    Spells: 8/16 levels left

rFire    + . .     SeeInvis .   S - +0 scimitar (flame)
rCold    . . .     Faith    .   R - +0 buckler
rNeg     . . .     Spirit   .   (armour unavailable)
rPois    +         Reflect  .   (helmet restricted)
rElec    .         Harm     .   E - +2 cloak
rCorr    .         Rampage  .   m - +1 pair of gloves
Will     +....                  (no boots)
Stlth    +.........             L - amulet of regeneration
HPRegen  1.29/turn              g - ring of protection from fire
MPRegen  0.17/turn              B - ring of willpower

@: flying
A: breathe noxious fumes, AC +8, unfitting armour, poison resistance,
cold-blooded, big wings
a: Breathe Noxious Fumes, Renounce Religion, Depart the Abyss, Bend Space,
Banish, Corrupt


You were on level 4 of the Lair of Beasts.
You worshipped Lugonu.
Lugonu was greatly pleased with you.
You visited 2 branches of the dungeon, and saw 15 of its levels.
You visited the Abyss 2 times.
You also visited: Bailey.

You collected 2555 gold pieces.
You spent 828 gold pieces at shops.

Inventory:

Hand Weapons
 a - a +2 hand axe
 O - a +2 broad axe of draining
   (You found it on level 8 of the Dungeon)
 S - a +0 scimitar of flaming (weapon)
   (You took it off Erica on level 10 of the Dungeon)
 X - a +3 broad axe
   (You found it on level 3 of the Lair of Beasts)
Missiles
 C - 261 stones (quivered)
 I - a curare-tipped dart {!f}
 J - 40 poisoned darts
Armour
 m - a +1 pair of gloves (worn)
   (You found it on level 2 of the Dungeon)
 q - a +0 cloak
   (You found it on level 3 of the Dungeon)
 E - a +2 cloak (worn)
   (You took it off Crazy Yiuf on level 2 of the Dungeon)
 Q - the +3 hat of Pondering {ponderous, Will+ MP+10 Int+5}
   (You took it off Gastronok on level 2 of the Lair of Beasts)

   Int:       It affects your intelligence (+5).
   MP:        It affects your magic capacity (+10).
   Will:      It increases your willpower.
 R - a +0 buckler (worn)
   (You found it on level 9 of the Dungeon)
 Y - the -5 cloak of Conscience {Str+2 Dex+2}
   (You found it on level 3 of the Lair of Beasts)

   Str:       It affects your strength (+2).
   Dex:       It affects your dexterity (+2).
Magical Staves
 c - a staff of death
   (You found it on level 1 of the Dungeon)
Jewellery
 g - a ring of protection from fire (left hand)
   (You found it on level 1 of the Dungeon)
 p - a ring of protection from cold
   (You found it on level 2 of the Lair of Beasts)
 r - a ring of magical power
   (You found it on level 4 of the Dungeon)
 B - a ring of willpower (right hand)
   (You found it on level 5 of the Dungeon)
 H - the ring "Sups" {Ice Contam rElec Dex+2}
   (You acquired it on level 9 of the Dungeon)

   [ring of ice]

   It enhances your ice magic.
   Dex:       It affects your dexterity (+2).
   rF:        It makes you vulnerable to fire.
   rC:        It protects you from cold.
   rElec:     It insulates you from electricity.
   Contam:    It causes magical contamination when unequipped.
 L - an amulet of regeneration (around neck)
   (You found it in a bailey)
Wands
 d - a wand of iceblast (11)
   (You found it on level 2 of the Lair of Beasts)
 t - a wand of flame (68)
   (You took it off Ijyb on level 5 of the Dungeon)
 u - a wand of paralysis (29)
   (You found it on level 5 of the Dungeon)
 v - a wand of digging (5)
   (You found it on level 4 of the Dungeon)
 x - a wand of acid (10)
   (You found it on level 6 of the Dungeon)
 z - a wand of charming (4)
   (You found it on level 1 of the Lair of Beasts)
Scrolls
 b - a scroll of torment {!r}
 f - 4 scrolls of amnesia
 h - a scroll of blinking
 j - 3 scrolls of fear
 o - a scroll of magic mapping
 s - 2 scrolls of immolation {!r}
 A - 4 scrolls of vulnerability {!r}
 D - a scroll of enchant armour
 F - a scroll of holy word
 G - 4 scrolls of teleportation {@r4}
 N - a scroll of noise {!r}
 U - 2 scrolls of identify {@r1}
Potions
 e - 3 potions of degeneration {!q}
 i - 3 potions of lignification {!q}
 k - 3 potions of berserk rage
 l - 7 potions of curing {@q1}
 n - a potion of flight
 w - a potion of ambrosia
 y - 10 potions of brilliance
 K - a potion of attraction {!q}
 M - 3 potions of might
 P - 4 potions of heal wounds {@q2}
 T - 7 potions of haste {@q3}
 V - a potion of magic {unknown}
 W - a potion of invisibility


   Skills:
 + Level 11.5 Fighting
 + Level 10.5 Axes
 + Level 9.8 Dodging
 - Level 4.0 Shields
 - Level 2.0 Spellcasting
 - Level 7.0 Conjurations
 - Level 3.0 Fire Magic
 - Level 3.0 Earth Magic
 + Level 11.3 Invocations


You had 8 spell levels left.
You knew the following spells:

 Your Spells              Type           Power      Damage    Failure   Level
a - Stone Arrow           Conj/Erth      36%        3d9       8%          3
b - Foxfire               Conj/Fire      72%        2x1d7     2%          1
q - Sticky Flame          Conj/Fire      18%        2d4       24%         4

Your spell library contained the following spells:

 Spells                   Type           Power      Damage    Failure   Level
 Static Discharge         Conj/Air       13%        N/A       7%          2
 Blink                    Tloc           N/A        N/A       28%         2
 Slow                     Hex            1%         N/A       28%         2
 Fulminant Prism          Conj/Hex       6%         3d7       41%         4
 Confusing Touch          Hex            1%         N/A       50%         3
 Lesser Beckoning         Tloc           0%         N/A       50%         3
 Portal Projectile        Hex/Tloc       2%         N/A       50%         3
 Summon Guardian Golem    Hex/Summ       1%         N/A       50%         3
 Bolt of Magma            Conj/Fire/Erth 8%         4d6       67%         5
 Dispel Undead            Necr           1%         3d6       88%         4
 Blade Hands              Tmut           0%         N/A       99%         5
 Excruciating Wounds      Necr           0%         N/A       99%         5
 Manifold Assault         Tloc           1%         N/A       99%         5
 Yara's Violent Unravell  Hex/Tmut       0%         3d3       99%         5
 Orb of Destruction       Conj           12%        9d6       100%        7
 Spellforged Servitor     Conj/Summ      6%         N/A       100%        7
 Lehudib's Crystal Spear  Conj/Erth      9%         10d4      100%        8
 Shatter                  Erth           5%         3d8*      100%        9


Dungeon Overview and Level Annotations

Branches:
Dungeon (11/15)            Temple (0/1) D:5            Lair (4/6) D:8
 Shoals (0/4) Lair:4          Orc (0/2) D:10         Bailey (visited)
  Snake: Lair:2-4    Spider: Lair:2-4

Altars:
Gozag
Kikubaaqudgha
Nemelex Xobeh
Okawaru
Qazlal
Sif Muna
Trog
Uskayaw
Vehumet
Yredelemnul
The Shining One

Shops:
D:1 !   D:5 (   D:6 (   D:11 (

Annotations:
D:8 2 transporters, sn0wgr3's ghost, amateur GrFi
Lair:3 exclusion: 2 oklob plants
Abyss:1 Duvessa; Sonja


Innate Abilities, Weirdness & Mutations

You can breathe blasts of noxious fumes.
Your lurid green scales are hard. (AC +8)
You cannot fit into any form of body armour.
Your system is resistant to poisons. (rPois)
You are cold-blooded and may be slowed by cold attacks.
Your large and strong wings let you fly.


Message History

The seven-headed hydra bites you.
* * * LOW HITPOINT WARNING * * *
The seven-headed hydra misses you. x2; The seven-headed hydra bites you.
* * * LOW HITPOINT WARNING * * *
The seven-headed hydra misses you.
The seven-headed hydra closely misses you.
The cane toad stings you!
* * * LOW HITPOINT WARNING * * *
You block the seven-headed hydra's attack.
The seven-headed hydra closely misses you.
The seven-headed hydra bites you but does no damage.
The seven-headed hydra misses you.
The seven-headed hydra closely misses you.
The seven-headed hydra bites you.
* * * LOW HITPOINT WARNING * * *
The seven-headed hydra bites you but does no damage.
Aim: a seven-headed hydra (severely wounded, chance to affect: 59%)
The seven-headed hydra resists with significant effort.
The cane toad barely misses you.
The seven-headed hydra closely misses you.
The seven-headed hydra bites you but does no damage.
The seven-headed hydra bites you.
* * * LOW HITPOINT WARNING * * *
The seven-headed hydra bites you but does no damage. x2
The seven-headed hydra bites you.
* * * LOW HITPOINT WARNING * * *
The seven-headed hydra bites you but does no damage.
Unknown command.
Aim: a seven-headed hydra (severely wounded, chance to affect: 59%)
The seven-headed hydra resists with significant effort.
You can no longer gate yourself to the Abyss.
The cane toad completely misses you. The seven-headed hydra bites you.
* * * LOW HITPOINT WARNING * * *
You block the seven-headed hydra's attack.
The seven-headed hydra bites you but does no damage.
The seven-headed hydra bites you.
* * * LOW HITPOINT WARNING * * *
The seven-headed hydra bites you but does no damage. x2
The seven-headed hydra closely misses you.
Aim: a seven-headed hydra (severely wounded, chance to affect: 59%)
The seven-headed hydra resists with significant effort.
The cane toad misses you.
You riposte.
You slash the cane toad! You burn the cane toad.
The seven-headed hydra bites you but does no damage.
The seven-headed hydra bites you.
* * * LOW HITPOINT WARNING * * *
The seven-headed hydra bites you!
* * * LOW HITPOINT WARNING * * *
The seven-headed hydra bites you!
You die...

..... .....
......#.... ......
.......... ......
........... ......
............
...............P..
.................##
...............PDF#
..##.#..........@.#
...#..............#
..###.............##
...P##.............#
....##.<.>.........#
#...............(..#
#...†.............##
#....#[...........#
#...######.P.#.##.#


You could see a seven-headed hydra and a cane toad.

Vanquished Creatures
  Gastronok (Lair:2)
  2 hydras (Lair:1)
  Erica (D:10)
  2 two-headed ogres (D:10)
  2 black mambas (Lair:1)
  A manticore (Lair:4)
  6 cane toads
  A rime drake (Lair:1)
  4 komodo dragons
  A demonic crawler (Lair:2)
  3 trolls
  A wind drake (Lair:4)
  Sigmund (D:2)
  A shadow (D:11)
  A wraith (D:9)
  20 yaks
  Eustachio (D:5)
  Grum (D:9)
  2 steam dragons
  4 vampire mosquitoes (D:11)
  3 swamp worms (Lair:2)
  An acid dragon (D:9)
  4 wargs (D:10)
  13 water moccasins
  11 orc warriors (Bailey)
  A sky beast (D:8)
  2 ice beasts
  3 black bears
  A necrophage (D:6)
  20 wolves
  3 ogres
  5 centaurs
  2 kobold brigands
  A phantom (D:6)
  10 bullfrogs
  A wyvern zombie (D:8)
  7 scorpions
  A water moccasin skeleton (D:6)
  Dowan (D:5)
  5 killer bees
  2 electric eels
  2 bullfrog zombies (D:5)
  2 centaur zombies
  4 hounds
  A jelly (D:4)
  Crazy Yiuf (D:2)
  2 bullfrog skeletons
  2 centaur skeletons
  5 orc priests
  3 iguanas
  Ijyb (D:5)
  Natasha (thrice) (D:4)
  7 orc wizards
  A killer bee zombie (D:8)
  2 hound skeletons (D:4)
  Robin (D:2)
  4 adders
  8 gnolls
  A howler monkey skeleton (D:7)
  2 white imps (D:7)
  2 ufetubi
  2 worms (D:2)
  50 orcs
  6 endoplasms
  4 giant cockroaches
  9 hobgoblins
  7 jackals (D:1)
  2 quokkas
  4 ball pythons
  8 bats
  4 frilled lizards
  13 goblins
  17 kobolds
  4 rats
337 creatures vanquished.

Vanquished Creatures (collateral kills)
  3 killer bees
3 creatures vanquished.

Vanquished Creatures (others)
  An orc (D:2)
  18 foxfires
  11 fungi
  48 plants
78 creatures vanquished.

Grand Total: 418 creatures vanquished

Notes
Turn   | Place    | Note
-------+----------+-------------------------------------------
     0 | Abyss:1  | Brandom the Draconian Abyssal Knight began the quest for
                  | the Orb.
     0 | Abyss:1  | Reached XP level 1. HP: 19/19 MP: 2/2
    14 | D:1      | Escaped the Abyss
   417 | D:1      | Reached XP level 2. HP: 26/26 MP: 3/3
   768 | D:1      | Reached ** piety under Lugonu
   889 | D:1      | Found Ybetax's Distillery.
   984 | D:1      | Reached XP level 3. HP: 32/33 MP: 4/4
  1696 | D:2      | Noticed Sigmund
  1852 | D:2      | Noticed Robin
  1885 | D:2      | Killed Robin
  1886 | D:2      | Reached XP level 4. HP: 11/40 MP: 6/6
  2553 | D:2      | Killed Sigmund
  2554 | D:2      | Reached XP level 5. HP: 44/47 MP: 7/7
  2852 | D:2      | Found a runed translucent door.
  2853 | D:2      | Noticed Crazy Yiuf
  3823 | D:3      | Reached XP level 6. HP: 53/53 MP: 8/8
  4286 | D:3      | Found a faded altar of an unknown god.
  4820 | D:4      | Reached skill level 5 in Fighting
  5186 | D:4      | Reached *** piety under Lugonu
  5452 | D:4      | Noticed Natasha
  5460 | D:4      | Killed Natasha
  5731 | D:4      | Your scales start taking on a lurid green colour.
  5731 | D:4      | Reached XP level 7. HP: 45/61 MP: 10/10
  5731 | D:4      | Gained mutation: Your system is resistant to poisons.
                  | (rPois) [Green Draconian growth]
  5794 | D:4      | Noticed Natasha
  5810 | D:4      | Killed Natasha
  5874 | D:4      | Noticed Natasha
  5887 | D:4      | Killed Natasha
  6058 | D:4      | Found a hide-covered altar of Uskayaw.
  6065 | D:4      | Found a stormy altar of Qazlal.
  6073 | D:4      | Found a sparkling altar of Nemelex Xobeh.
  6080 | D:4      | Found a shimmering blue altar of Sif Muna.
  6088 | D:4      | Found an ancient bone altar of Kikubaaqudgha.
  6096 | D:4      | Found a radiant altar of Vehumet.
  6101 | D:4      | Found a bloodstained altar of Trog.
  6163 | D:4      | Learned a level 3 spell: Stone Arrow
  6746 | D:5      | Entered Level 5 of the Dungeon
  6746 | D:5      | Noticed Duvessa
  6746 | D:5      | Noticed Dowan
  6747 | D:5      | Killed Dowan
  6980 | D:5      | HP: 2/61 [Duvessa (17)]
  7274 | D:5      | Banished Duvessa
  7275 | D:5      | Reached skill level 5 in Invocations
  7343 | D:5      | Reached skill level 1 in Spellcasting
  7343 | D:5      | Reached skill level 1 in Conjurations
  7343 | D:5      | Reached skill level 1 in Earth Magic
  7439 | D:5      | Noticed Ijyb
  7468 | D:5      | Killed Ijyb
  7577 | D:5      | Found a staircase to the Ecumenical Temple.
  7620 | D:5      | Noticed Eustachio
  7659 | D:5      | Reached XP level 8. HP: 43/70 MP: 11/11
  7671 | D:5      | Killed Eustachio
  7987 | D:5      | Found Haibufol's Antique Weapon Shop.
  8665 | D:6      | Gained mutation: Your large and strong wings let you fly.
                  | [potion of mutation]
  9074 | D:6      | Reached skill level 5 in Axes
  9407 | D:6      | Reached skill level 5 in Dodging
  9523 | D:6      | Found Duucav's Antique Weapon Shoppe.
  9637 | D:6      | Reached XP level 9. HP: 17/78 MP: 6/13
 11894 | D:7      | Reached **** piety under Lugonu
 12070 | D:7      | You are sucked into a shaft and drop 2 floors!
 12097 | D:9      | Noticed Grum
 12109 | D:9      | Killed Grum
 12185 | D:9      | Reached XP level 10. HP: 51/88 MP: 15/15
 12478 | D:9      | Found a flagged portal.
 12591 | Bailey   | Entered a bailey
 14898 | Bailey   | Got the Compendium of Confrontation
 14899 | Bailey   | Noticed an orc knight
 15133 | Bailey   | Banished an orc knight
 15450 | D:9      | Identified 2 scrolls of acquirement
 15450 | D:9      | Acquired 690 gold pieces
 15451 | D:9      | Acquired the ring "Sups" {Ice Contam rElec Dex+2}
 15550 | D:8      | You are sucked into a shaft and drop 3 floors!
 15809 | D:11     | Learned a level 1 spell: Foxfire
 15963 | D:11     | Found Ehehoroe's Antique Weapon Shoppe.
 16083 | D:10     | Entered Level 10 of the Dungeon
 16304 | D:8      | Found a glowing golden altar of the Shining One.
 16305 | D:8      | Found an opulent altar of Gozag.
 16306 | D:8      | Found a basalt altar of Yredelemnul.
 16836 | D:8      | Found a staircase to the Lair.
 16936 | D:8      | Found a transporter.
 16939 | D:8      | Noticed sn0wgr3's ghost (amateur GrFi)
 16940 | D:8      | Noticed a moth of wrath
 17181 | D:8      | Found an iron altar of Okawaru.
 17504 | D:2      | Killed Crazy Yiuf
 17551 | D:1      | Bought a potion of heal wounds for 60 gold pieces
 17551 | D:1      | Bought a potion of heal wounds for 60 gold pieces
 17551 | D:1      | Bought a potion of heal wounds for 60 gold pieces
 17551 | D:1      | Bought a potion of might for 48 gold pieces
 17551 | D:1      | Bought a potion of experience for 600 gold pieces
 17551 | D:1      | Reached skill level 10 in Fighting
 17551 | D:1      | Reached XP level 11. HP: 99/99 MP: 16/18
 17688 | D:7      | Reached XP level 12. HP: 105/106 MP: 19/19
 18080 | D:8      | Learned a level 4 spell: Sticky Flame
 18124 | D:8      | Found a transporter.
 19228 | D:10     | Noticed Erica
 19241 | D:10     | Killed Erica
 19242 | D:10     | Reached skill level 1 in Fire Magic
 19242 | D:10     | Reached skill level 10 in Invocations
 19286 | D:10     | Reached skill level 1 in Shields
 19374 | D:10     | Noticed Sonja
 19383 | D:10     | Cast into level 2 of the Abyss (Sonja)
 19482 | D:10     | Escaped the Abyss
 19489 | D:10     | Banished Sonja
 19576 | D:10     | Noticed a two-headed ogre
 19584 | D:10     | Killed a two-headed ogre
 19724 | D:10     | Found a staircase to the Orcish Mines.
 19855 | D:10     | Noticed a two-headed ogre
 19860 | D:10     | Killed a two-headed ogre
 20458 | Lair:1   | Entered Level 1 of the Lair of Beasts
 20541 | Lair:1   | Noticed a five-headed hydra
 20558 | Lair:1   | Killed a one-headed hydra
 21009 | Lair:1   | Noticed an eight-headed hydra
 21027 | Lair:1   | Killed a one-headed hydra
 21985 | Lair:2   | Reached skill level 10 in Axes
 22042 | Lair:2   | Noticed Gastronok
 22061 | Lair:2   | Reached XP level 13. HP: 50/116 MP: 16/21
 22066 | Lair:2   | Killed Gastronok
 22264 | Lair:2   | Reached ***** piety under Lugonu
 23778 | Lair:3   | Identified the -5 cloak of Conscience {Str+2 Dex+2}
 24373 | Lair:4   | Found a staircase to the Shoals.
 24436 | Lair:4   | Mangled by a seven-headed hydra

Illustrated notes

Levels and vault maps discovered:
D:1:      sevenhm_arrival_forest_fort_small_4, layout_loops_corners,
          serial_shops, nicolae_shop_statue_plus, minmay_indecisive_spiral
D:2:      layout_loops_corners, grunt_ministairs_1,
          ebering_dispersal_statue_hall, uniq_crazy_yiuf_cottage, uniq_sigmund,
          uniq_robin
D:3:      layout_loops_ring, shapermc_ecumenical_altar_notcrosses
D:4:      layout_loops_ring, grunt_temple_overflow_octagram,
          serial_co_window_serial, co_window_corner_a, co_window_paths_b,
          co_window_corner_a, co_window_of_opportunity_a, co_window_paths_a,
          co_window_of_opportunity_b, co_window_broadway_c, co_window_corner_ca,
          co_window_2corner, co_window_4corner_a, co_window_4corner_b,
          glass_columns_a, glass_columns_a, glass_columns_a, uniq_natasha
D:5:      layout_basic, minmay_temple_entry_nine_rooms, serial_shops, shop,
          uniq_duvessa, uniq_eustachio, uniq_ijyb
D:6:      minmay_polygon_palace, layout_basic, serial_shops,
          kennysheep_mini_moat
D:7:      layout_loops_ring, nicolae_underground_beach
D:8:      layout_basic, chequers_temple_overflow_statue_of_worship,
          okawaru_altar_gauntlet_db, erik_lair_island,
          gammafunk_ghost_berserking_beasts, corexii_leaking_fountain,
          minmay_misc_feat_doors
D:9:      minmay_goldmine, layout_basic, enter_bailey_2, uniq_grum
D:10:     layout_stronghold, minmay_orc_entry_guard_dogs, uniq_sonja, uniq_erica
D:11:     layout_layer_cave, serial_shops, kennysheep_mini,
          nicolae_shop_waterfront, nicolae_sextant
Lair:1:   layout_regular_city, minivault_25, serial_bayou_pond_d
Lair:2:   layout_small_grid, worms_lemuel, uniq_gastronok
Lair:3:   layout_loops_ring, serial_forest, infiniplex_forest_straight_3,
          infiniplex_forest_lined_3_way, infiniplex_forest_lined_3_way,
          infiniplex_forest_clump_medium, infiniplex_forest_corner_2,
          infiniplex_forest_end_2, infiniplex_forest_clump_cross,
          infiniplex_staircase_pool_2, minmay_lair_oklob_chamber
Lair:4:   pond_and_an_island_with_a_cottage, layout_gridlike,
          minmay_shoals_entry_beasts, minmay_snake_entry_guardpost_small,
          uniq_nessos

Skill      XL: |  1  2  3  4  5  6  7  8  9 10 11 12 13 |
---------------+----------------------------------------+-----
Invocations    | 3 4 5 6 7 9 10 11 | 11.3
Fighting       | 4 5 6 7 10 11 | 11.5
Axes           | 3 4 5 6 9 10 | 10.5
Dodging        | 3 4 5 6 8 9 |  9.8
Spellcasting   | 1 2 |  2.0
Conjurations   | 1 3 4 6 7 |  7.0
Earth Magic    | 1 3 |  3.0
Fire Magic     | 3 |  3.0
Shields        | 4 |  4.0

Action                   |  1- 3 |  4- 6 |  7- 9 | 10-12 | 13-15 || total
-------------------------+-------+-------+-------+-------+-------++-------
Melee: Hand axe          |   162 |   209 |   483 |   204 |       ||  1058
       Tailslap          |    17 |    30 |    55 |    76 |    25 ||   203
       Broad axe         |       |       |       |   342 |   124 ||   466
       Scimitar          |       |       |       |    19 |     5 ||    24
Throw: Throwing net      |       |     2 |       |       |       ||     2
       Stone             |       |       |       |     1 |       ||     1
 Cast: Stone Arrow       |       |       |    10 |   146 |     8 ||   164
       Foxfire           |       |       |       |    10 |       ||    10
Invok: Bend Space        |       |     1 |       |       |       ||     1
       Banish            |       |       |     1 |     2 |     3 ||     6
       Depart the Abyss  |       |       |       |     1 |       ||     1
 Abil: Breathe Noxious F |       |       |    23 |    23 |     1 ||    47
Evoke: Wand              |       |       |       |    13 |     2 ||    15
  Use: Scroll            |       |       |    12 |    17 |     1 ||    30
       Potion            |       |       |     1 |     2 |     1 ||     4
 Stab: Held in net/web   |       |     1 |       |       |       ||     1
       Sleeping          |       |     1 |       |       |       ||     1
       Confused          |       |       |    16 |    14 |       ||    30
Armor: Skin              |    47 |    92 |   139 |   272 |    79 ||   629
Dodge: Dodged            |   117 |   124 |   315 |   596 |   116 ||  1268
Block: Buckler           |       |       |       |    66 |    28 ||    94
       Rpst.: Scimitar   |       |       |       |     2 |     4 ||     6

Table legend: (Time is in decaauts)
 A = Elapsed time spent in this place.
 B = Non-inter-level travel time spent in this place.
 C = Inter-level travel time spent in this place.
 D = Time resting spent in this place.
 E = Time spent auto-exploring this place.
 F = Levels seen in this place.
 G = Mean time per level.
                   A        B        C        D        E       F      G
               +--------+--------+--------+--------+--------+-----+--------+
         Total |  24578 |  23629 |    949 |   5621 |  13616 |  18 | 1365.4 |
       Dungeon |  17711 |  16831 |    880 |   3170 |  10743 |  11 | 1610.1 |
          Lair |   4017 |   3948 |     69 |    384 |   2838 |   4 | 1004.2 |
         Abyss |    116 |    116 |      0 |     32 |     35 |   2 |   58.0 |
        Bailey |   2733 |   2733 |      0 |   2035 |      0 |   1 | 2733.0 |
               +--------+--------+--------+--------+--------+-----+--------+

Top non-repeatable levels by time:
  Bailey: 2733 daAuts
     D:6: 2717 daAuts
     D:4: 2558 daAuts
     D:1: 1985 daAuts
     D:2: 1913 daAuts
     D:9: 1745 daAuts
     D:8: 1531 daAuts
  Lair:1: 1471 daAuts
     D:5: 1447 daAuts
  Lair:2: 1442 daAuts
    D:10: 1183 daAuts
     D:7: 1089 daAuts
     D:3: 1010 daAuts
  Lair:3: 903 daAuts
    D:11: 528 daAuts
